Unix NetHack Version 3.7.0-102 Work-in-progress - last build Apr 6 2024 13:22:21 (d302a6a9ff6341f1a922d8f5af178406b35fdf99,branch:master). Game began 2024-05-04 08:05:32, ended 2024-05-04 11:59:13. spontiff, neutral male gnomish Healer ----- ----...| |...<.[-- --....)..| |...)[)..| --....---- ----.| |.| | -----.| |. ....|..| | -@.[..-- |..d.-- ---.-- Spontiff the Rhizotomist St:9 Dx:13 Co:14 In:10 Wi:15 Ch:16 Neutral S:395 Dlvl:7 $:2037 HP:0(40) Pw:7(7) AC:6 Xp:1/6 T:3259 Latest messages: You are put to sleep by the homunculus! The homunculus bites! The homunculus bites! The combat suddenly awakens you. The homunculus bites! The homunculus misses! The homunculus bites! You are put to sleep by the homunculus! The homunculus bites! The homunculus bites! The homunculus bites! The large dog picks up an iron skull cap. The large dog bites the homunculus. The homunculus is killed! You wake up. The large dog drops an iron skull cap. You see here an iron skull cap. G - an iron skull cap. What do you want to take off? [ghq or ?*] g You finish taking off your gloves. What do you want to wear? [g or ?*] G You are already wearing a helm. What do you want to take off? [hq or ?*] G You are not wearing that. What do you want to drop? [$adeg-ln-qstvxyD-HJKNSUWYZ or ?*] G You drop an iron skull cap. What do you want to wear? [g or ?*] h You are already wearing that! What do you want to wear? [g or ?*] g You finish your dressing maneuver. G - an iron skull cap. What do you want to take off? [ghq or ?*] h You finish taking off your helm. What do you want to wear? [hG or ?*] G You finish your dressing maneuver. What do you want to take off? [gqG or ?*] G You finish taking off your helm. What do you want to wear? [hG or ?*] h You finish your dressing maneuver. What do you want to drop? [$adeg-ln-qstvxyD-HJKNSUWYZ or ?*] G You drop a +0 iron skull cap. You begin bashing monsters with your gloved hands. You kill the gas spore! Boom! You are caught in the gas spore's explosion! In what direction? b Ouch! That hurts! You die... Do you want your possessions identified? [ynq] (y) y Do you want to see the dungeon overview? [ynq] (y) y Inventory: Coins $ - 2037 gold pieces Weapons W - an uncursed +0 dart k - a blessed +1 orcish dagger K - an uncursed +0 scalpel (alternate weapon; not wielded) Armor h - an uncursed +0 orcish helm (being worn) g - an uncursed +1 pair of leather gloves (being worn) q - an uncursed +0 elven cloak (being worn) Comestibles y - an uncursed apple n - 3 uncursed food rations p - 3 uncursed tripe rations Scrolls F - a blessed scroll of enchant armor D - a cursed scroll of magic mapping Spellbooks i - a blessed spellbook of extra healing j - a blessed spellbook of stone to flesh Potions J - an uncursed potion of gain energy x - an uncursed potion of sleeping Wands v - an uncursed wand of magic missile (0:5) U - an uncursed wand of magic missile (0:5) l - an uncursed wand of sleep (0:7) S - an uncursed wand of sleep (0:7) Tools e - an uncursed +0 pick-axe s - an uncursed stethoscope o - an uncursed tin whistle Z - a cursed tinning kit (0:47) Gems/Stones H - a cursed agate stone d - an uncursed aquamarine stone t - an uncursed obsidian stone E - an uncursed sapphire a - an uncursed worthless piece of black glass N - an uncursed worthless piece of violet glass Y - 2 uncursed worthless pieces of yellowish brown glass Spontiff the Healer's attributes: Background: You were a Rhizotomist, a level 1 male gnomish Healer. You were neutral, on a mission for Hermes who was opposed by Athena (lawful) and Poseidon (chaotic). You were right-handed. You were in the Gnomish Mines, on level 7. You entered the dungeon 3259 turns ago. You had 6 experience points, 14 more were needed to attain level 2. Your score was 395 before end-of-game adjustments. Basics: You had 0 out of 40 hit points. You had all 7 energy points (spell power). Your armor class was 6. Your wallet contained 2037 zorkmids. Autopickup was on for '$!/="?' plus thrown, with exceptions. Final Characteristics: Your strength was 9 (limit:18/50). Your dexterity was 13 (limit:18). Your constitution was 14 (limit:18). Your intelligence was 10 (limit:19). Your wisdom was 15 (limit:18). Your charisma was 16 (limit:18). Final Status: You weren't hungry. You were unencumbered. You were empty handed. You were unskilled in bare handed combat. Final Attributes: You were devoutly aligned. You were poison resistant. You had infravision. You were stealthy. You were warded. You are dead. Miscellaneous: You never encountered a bones level. Total elapsed playing time was 27 minutes and 13 seconds. Major events: Turn 1: spontiff the neutral male gnomish Healer entered the dungeon 1035: entered the Gnomish Mines 3082: reached Mine Town 3259: killed by kicking a wall Vanquished creatures: a shrieker 2 gnome leaders 2 dwarves 2 homunculi 4 hill orcs an acid blob a coyote 2 gas spores 2 hobbits a large kobold 2 giant rats 4 cave spiders a green mold 2 red molds 3 gnomes a garter snake 3 geckos 8 jackals 4 foxes 5 goblins 9 grid bugs 10 lichens a kobold zombie 16 newts 87 creatures vanquished. No species were genocided or became extinct. Voluntary challenges: You never hit with a wielded weapon. You were illiterate. You never engraved Elbereth. You never genocided any monsters. You never polymorphed an object. You never changed form. You used no wishes. Achievements: You entered the Gnomish Mines. You entered Minetown. The Dungeons of Doom: levels 1 to 4 Level 1: A fountain. Level 2: A fountain. Level 3: "book stashlet" Stairs down to The Gnomish Mines. Level 4: An altar to Hermes. The Gnomish Mines: levels 4 to 7 Level 4: Level 5: Level 6: Level 7: <- You were here. Final resting place for you, killed by kicking a wall. Game over: ---------- / \ / REST \ / IN \ / PEACE \ / \ | spontiff | | 2037 Au | | killed by | | kicking a wall | | | | | | 2024 | *| * * * | * _________)/\\_//(\/(/\)/\//\/|_)_______ Goodbye spontiff the Healer... You died in The Gnomish Mines on dungeon level 7 with 388 points, and 2037 pieces of gold, after 3259 moves. You were level 1 with a maximum of 40 hit points when you died.